Map: Blueshift LE

Players

Fiddlesticks - Winner!

  • Race: Protoss Protoss
  • League: Silver
  • Spawn Location: 1:00

Teranasaurus

  • Race: Protoss Protoss
  • Spawn Location: 7:00

VOD

Have the link to the VOD?

Description

Time

  • Played on: Aug. 25, 2018, 11:42 p.m.
  • Length: 18:12
Show
View Real Time Build Order
Export as new Build Order

Fiddlesticks Protoss - Winner!

Build Orders:  

Get SALT Encoding   

  12  0:00  Probe  
  13  0:11  Probe  
  14  0:19  Pylon  
  14  0:20  Probe  
  15  0:32  Assimilator  
  15  0:35  Probe  
  16  0:45  Gateway  
  16  0:51  Probe  
  17  1:04  Probe  
  18  1:10  Pylon  
  18  1:16  Probe  
  19  1:28  Probe  
  20  1:33  Cybernetics Core  
  20  1:36  Gateway  
  20  1:40  Zealot  
  22  2:00  Gateway  
  22  2:02  Assimilator  
  22  2:14  Pylon  
  22  2:28  Nexus  
  22  2:29  Warp Gate  
  22  2:35  Stalker  
  24  2:41  Probe  
  25  2:53  Probe  
  26  3:01  Stalker  
  26  3:02  Stalker  
  29  3:17  Stalker  
  31  3:29  Pylon  
  31  3:33  Pylon  
  31  3:38  Probe  
  31  3:46  Probe  
  31  3:56  Probe  
  31  4:01  Pylon  
  32  4:08  Probe  
  33  4:13  Gateway  
  33  4:18  Robotics Facility  
  33  4:20  Probe  
  33  4:23  Probe  
  35  4:32  Probe  
  35  4:35  Probe  
  37  4:44  Probe  
  38  4:46  Stalker  
  38  4:47  Probe  
  38  4:48  Stalker  
  43  4:53  Probe  
  43  4:59  Assimilator  
  44  5:01  Probe  
  44  5:05  Immortal  
  49  5:11  Probe  
  49  5:13  Pylon  
  50  5:17  Stalker  
  50  5:18  Pylon  
  52  5:24  Probe  
  53  5:36  Probe, Twilight Council  
  53  5:41  Forge  
  54  5:49  Stalker, Gateway  
  56  5:50  Stalker  
  56  5:51  Sentry  
  60  5:59  Probe  
  60  6:03  Assimilator  
  61  6:08  Shield Battery  
  61  6:11  Probe  
  62  6:15  Shield Battery  
  62  6:21  Blink  
  62  6:23  Probe  
  63  6:32  Probe  
  63  6:39  Probe  
  65  6:40  Probe  
  65  6:43  Stalker x2  
  65  6:44  Stalker x2  
  74  6:47  Immortal  
  74  6:50  Probe, Protoss Shields Level 1  
  79  7:02  Probe  
  80  7:29  Stargate  
  80  7:30  Stargate  
  80  7:46  Stalker  
  80  7:50  Stalker  
  84  7:51  Stalker  
  86  8:16  Observer  
  81  8:27  Oracle  
  84  8:34  Stalker  
  84  8:36  Fleet Beacon  
  84  8:40  Pylon  
  86  8:59  Observer  
  86  9:06  Oracle  
  89  9:32  Pylon  
  89  9:35  Pylon  
  89  9:38  Pylon  
  89  9:39  Pylon  
  89  9:42  Pylon  
  89  9:46  Pylon  
  89  9:47  Pylon  
  89  9:50  Pylon  
  89  9:51  Pylon  
  85  10:30  Carrier x2  
  77  10:47  Warp Prism  
  86  11:09  Stargate  
  86  11:11  Stargate  
  86  11:12  Zealot x3  
  86  11:13  Zealot x2  
  96  11:38  Protoss Shields Level 2  
  96  11:43  Graviton Catapult  
  96  11:44  Zealot x2  
  96  11:45  Zealot x3  
  106  12:23  Carrier x3  
  106  12:33  Carrier  
  130  12:42  Stalker x4  
  130  12:43  Stalker  
  140  13:01  Warp Prism  
  142  13:21  Robotics Bay  
  142  13:27  Nexus  
  142  13:29  Assimilator  
  142  13:33  Assimilator  
  142  13:36  Pylon  
  142  13:40  Pylon  
  142  13:43  Pylon  
  142  14:24  Carrier x2  
  142  14:25  Carrier x2  
  136  14:36  Probe  
  160  14:44  Probe  
  162  14:54  Probe  
  163  15:06  Probe  
  164  15:18  Probe  
  165  15:28  Shield Battery  
  165  15:30  Shield Battery  
  165  15:32  Shield Battery  
  165  15:33  Shield Battery  
  165  17:46  Nexus  
  165  17:50  Assimilator  
  165  17:54  Assimilator  
  165  17:57  Pylon  
  165  18:01  Pylon  
  165  18:03  Pylon  
Show
View Real Time Build Order
Export as new Build Order

Teranasaurus Protoss 

Build Orders: Cannon Rush 

Get SALT Encoding   

  12  0:06  Probe  
  13  0:25  Probe, Pylon  
  14  0:37  Probe  
  15  0:49  Probe  
  16  0:53  Forge  
  16  1:02  Probe  
  16  1:03  Assimilator  
  17  1:07  Pylon  
  17  1:10  Assimilator  
  17  1:14  Probe  
  18  1:24  Pylon  
  18  1:42  Gateway  
  18  1:47  Photon Cannon  
  18  1:50  Photon Cannon  
  18  2:00  Photon Cannon  
  18  2:14  Probe  
  19  2:26  Probe  
  20  2:31  Zealot  
  22  2:38  Probe  
  22  2:43  Cybernetics Core  
  23  2:50  Probe  
  24  3:02  Probe  
  25  3:11  Photon Cannon  
  25  3:20  Photon Cannon  
  25  3:24  Shield Battery  
  25  3:32  Photon Cannon  
  25  3:34  Shield Battery  
  25  3:47  Photon Cannon  
  25  3:48  Warp Gate  
  25  3:51  Pylon  
  24  4:11  Probe  
  25  4:19  Probe  
  25  4:22  Gateway  
  26  4:26  Gateway  
  26  4:27  Gateway  
  26  4:36  Twilight Council  
  26  4:43  Pylon  
  26  4:48  Pylon  
  26  5:02  Shield Battery  
  26  5:03  Charge  
  26  5:18  Dark Shrine  
  26  5:23  Stargate  
  26  5:30  Stargate  
  26  6:06  Nexus  
  26  6:17  Pylon  
  26  6:32  Zealot  
  26  6:33  Zealot  
  26  6:34  Zealot  
  26  6:37  Zealot  
  34  6:43  Blink  
  34  7:02  Void Ray  
  38  7:11  Zealot  
  38  7:12  Zealot  
  38  7:14  Zealot  
  44  7:24  Probe  
  45  7:36  Probe  
  46  7:39  Zealot  
  46  7:40  Zealot  
  50  7:45  Dark Templar  
  50  7:49  Probe  
  53  7:52  Dark Templar  
  53  7:57  Pylon  
  55  8:04  Pylon  
  55  8:36  Photon Cannon  
  55  8:38  Photon Cannon  
  55  8:41  Shield Battery  
  55  8:43  Shield Battery  
  55  8:49  Shield Battery  
  55  8:51  Zealot x2  
  55  9:01  Probe  
  55  9:09  Probe  
  57  9:18  Probe  
  58  9:28  Robotics Facility, Protoss Air Weapons Level 1  
  58  9:30  Probe  
  59  9:36  Assimilator  
  59  9:39  Assimilator  
  59  9:51  Pylon  
  59  9:52  Pylon  
  59  9:56  Pylon  
  59  10:05  Dark Templar  
  61  10:09  Zealot  
  53  11:09  Dark Templar  
  53  11:10  Dark Templar  
  57  11:11  Zealot  
  57  11:12  Zealot  
  61  11:24  Probe  
  61  11:32  Probe  
  63  11:41  Probe  
  64  11:50  Zealot  
  64  11:51  Zealot x3  
  64  11:53  Probe  
  73  11:56  Void Ray  
  73  11:57  Void Ray  
  81  12:04  Fleet Beacon  
  81  12:05  Probe  
  82  12:12  Robotics Bay  
  82  12:14  Protoss Air Armor Level 1  
  80  12:32  Probe  
  81  12:40  Probe  
  81  12:49  Probe  
  82  12:56  Tempest  
  83  12:59  Nexus  
  83  13:01  Probe  
  90  13:13  Probe, Tempest  
  97  13:21  Zealot x2  
  101  13:30  Pylon  
  101  13:33  Pylon  
  101  13:37  Pylon  
  101  13:41  Pylon  
  101  14:00  Assimilator  
  101  14:04  Probe  
  101  14:05  Assimilator  
  102  14:11  Protoss Air Weapons Level 2  
  102  14:12  Probe  
  103  14:21  Probe  
  96  14:34  Probe  
  97  14:42  Stalker x2  
  97  14:43  Stalker x2  
  105  14:46  Probe  
  106  15:07  Cybernetics Core  
  106  15:11  Stalker  
  106  15:12  Stalker  
  106  15:13  Stalker  
  112  15:17  Tempest  
  118  15:25  Probe  
  119  15:33  Probe  
  119  15:42  Probe  
  120  15:43  Forge  
  120  15:46  Protoss Ground Weapons Level 1  
  120  15:48  Forge  
  121  15:54  Probe  
  122  15:57  Gateway  
  122  16:02  Pylon  
  122  16:05  Stalker  
  122  16:06  Stalker, Probe  
  127  16:27  Observer Gravitic Boosters  
  77  17:14  Tempest  
  77  17:15  Tempest  
Tags
 
League
Silver
Matchup
PvP
Spawn Locations
Cross Positions
Add a new tag
Caveats
  • Supply blocks, unpowered buildings, or Contaminate may cause inaccurate times.
  • Supply counts are checked every 10 seconds.